AoeStats
← Fexito

Arabia

510901213Analyzed
1v1 RM · 5h ago on Oct 3, 2026· 22m 33s· 2 players
Game mode
Random Map
Map size
Tiny (2 player)
Population
200
Speed
Normal
Resources
Standard
Victory
Conquest
Starting age
Dark Age
Ending age
Imperial Age
RankedLock teamsTeams togetherTeam positionsShared explorationLock speedFull tech treeHidden civsTurbo modeCheats
Victory
Defeat
🇲🇽 Britons · Mexico
1000
+43
🇦🇷 Persians · Argentina
958
-41
Montaraz
1:10 Loom
13:10 Feudal Age
20:25 Castle Age
20:03 Double-Bit Axe
Fexito
6:27 Loom
10:53 Feudal Age
13:09 Wheelbarrow
12:27 Double-Bit Axe
14:23 Gold Mining
14:27 Man-at-Arms
18:10 Horse Collar
18:47 Scale Mail Armor
18:58 Forging
19:08 Fletching
Connection lost

Rejoining the realm…

Still unreachable

The connection could not be restored.

Session expired

The server has moved on; the page needs a fresh start.